 Dungeon Crawl Stone Soup version 0.29-a0-284-gf9362112df (webtiles) character file.

Game seed: 16941858254949477264

209 Zonian the Chiller (level 5, 0/24 HPs)
             Began as a Vine Stalker Ice Elementalist on Mar 22, 2022.
             Slain by a gnoll
             ... wielding a +2 halberd of flaming
              (2 damage)
             ... on level 3 of the Dungeon.
             The game lasted 00:08:03 (4381 turns).

Zonian the Chiller (Vine Stalker Ice Elementalist)  Turns: 4381, Time: 00:08:03

Health: 0/24       AC:  2    Str: 11    XL:     5   Next: 87%
Magic:  0/11       EV: 13    Int: 17    God:
Gold:   111        SH:  0    Dex: 20    Spells: 3/10 levels left

rFire   x . .      SeeInvis .   d - +0 dagger
rCold   + . .      Faith    .   (no shield)
rNeg    . . .      Spirit   +   a - +0 robe
rPois   .          Reflect  .   (no helmet)
rElec   .          Harm     .   (no cloak)
rCorr   .          Rampage  .   (no gloves)
Will    .....                   (no boots)
Stlth   +++.......              (no amulet)
HPRegen 0.88/turn               f - +6 ring of dexterity
MPRegen 0.12/turn               k - ring of ice

@: no status effects
A: fangs 2, regeneration 1, magic shield, antimagic bite, no potion heal 2
a: no special abilities


You were on level 3 of the Dungeon.
You visited 1 branch of the dungeon, and saw 4 of its levels.

You collected 111 gold pieces.

Inventory:

Hand Weapons
 d - a +0 dagger (weapon)
Missiles
 h - 11 poisoned darts
Armour
 a - a +0 robe (worn)
 i - a +0 buckler
Magical Staves
 e - a staff of fire
Jewellery
 f - a +6 ring of dexterity (left hand)
 k - a ring of ice (right hand)
Wands
 b - a wand of paralysis (5)
Potions
 c - 2 potions of curing
 g - a potion of berserk rage {unknown}
 j - a potion of lignification
 l - a potion of cancellation {unknown}


   Skills:
 + Level 2.8 Dodging
 + Level 4.3 Stealth
 + Level 3.4 Spellcasting
 + Level 4.8 Ice Magic


You had 3 spell levels left.
You knew the following spells:

 Your Spells              Type           Power      Damage    Failure   Level
a - Freeze                Ice            100%       1d11      2%          1
b - Frozen Ramparts       Ice            58%        1d7       7%          3
c - Ozocubu's Armour      Ice            29%        N/A       7%          3

Your spell library contained the following spells:

 Spells                   Type           Power      Damage    Failure   Level
 Conjure Flame            Conj/Fire      2%         6-21      45%         3
 Ignite Poison            Fire/Tmut/Pois 2%         N/A       45%         3
 Tukima's Dance           Hex            2%         N/A       45%         3
 Hailstorm                Conj/Ice       16%        3d6       52%         4
 Anguish                  Hex/Necr       1%         N/A       86%         4
 Sticky Flame             Conj/Fire      2%         2d3       86%         4
 Summon Lightning Spire   Summ/Air       2%         N/A       86%         4
 Enfeeble                 Hex            1%         N/A       100%        7
 Storm Form               Tmut/Air       1%         N/A       100%        7
 Maxwell's Capacitive Co  Air            1%         ∞         100%        8


Dungeon Overview and Level Annotations

Branches:
Dungeon (4/15)
 Temple: D:4-7

Altars:

Annotations:
D:2 Sigmund
D:4 Edmund, Robin


Innate Abilities, Weirdness & Mutations

You have extremely sharp teeth.
Your natural rate of healing is unusually fast.
When hurt, damage is shared between your health and your magic reserves.
Your bite disrupts and absorbs the magic of your enemies.
Potions cannot restore your health.


Message History

There is a stone staircase leading down here.
You start resting.
A gnoll is nearby!
A gnoll is nearby!
A gnoll is nearby!
A gnoll is nearby!
Unknown command.
You see here an adder corpse.
You see here a +0 robe.
There is a stone staircase leading up here.
You climb upwards.
Level annotation: Sigmund
There is a stone staircase leading down here.
Unknown command.
You start resting.
Magic restored.
You start waiting.
Done waiting.
You start waiting.
Done waiting.
Unknown command.
You climb downwards.
There is a stone staircase leading up here.
Unknown command.
The gnoll closely misses you.
The gnoll hits you with a +2 halberd of flaming!
The gnoll burns you!
* * * LOW HITPOINT WARNING * * *
Unknown command.
Casting: Freeze (safe; 2% risk of failure)
Confirm with . or Enter, or press ? or * to list all spells.
Aiming: Freeze (safe; 2% risk of failure)
Press: ? - help, Shift-Dir - straight line, f - gnoll
Aim: a gnoll, wielding a +2 halberd of flaming You feel a surge of power!
You freeze the gnoll!
The gnoll is severely wounded.
The gnoll hits you with a +2 halberd of flaming.
* * * LOW HITPOINT WARNING * * *
The gnoll burns you.
You die...

#..## #......####
#.## ##..#
##........# #...
....# ########.#
#... ....# #.# #.P.
#.#.# ##># #...
#.#.# #..# ##.#.
#.#.# #.## #....
#.#.##
###########.####..##
.....######
#<.@g[............#
..........#
#.#########.####÷##
##...####.# #.#
##.####.#
..........####.#
#.......#
##.#.###.......#
#..###### #.#.#
#.####### #.g# #>#.#
#.# #†.#
#.#.###.##########
#>†#
#...#............#
#..#


You could see a gnoll.

Vanquished Creatures
  Ijyb (D:3)
  7 gnolls
  3 adders
  A howler monkey skeleton (D:3)
  An adder zombie (D:3)
  An adder skeleton (D:3)
  3 worms
  8 bats
  4 endoplasms (D:1)
  3 giant cockroaches
  7 hobgoblins
  A jackal (D:3)
  8 ball pythons
  A frilled lizard (D:1)
  6 goblins
  5 kobolds
  9 rats
69 creatures vanquished.

Vanquished Creatures (others)
  4 withered plants (D:3)
4 creatures vanquished.

Grand Total: 73 creatures vanquished

Notes
Turn   | Place    | Note
-------+----------+-------------------------------------------
     0 | D:1      | Zonian the Vine Stalker Ice Elementalist began the quest
                  | for the Orb.
     0 | D:1      | Reached XP level 1. HP: 9/9 MP: 4/4
   135 | D:1      | Reached XP level 2. HP: 7/13 MP: 0/6
   744 | D:1      | Reached XP level 3. HP: 14/16 MP: 5/7
   802 | D:1      | Learned a level 3 spell: Frozen Ramparts
   806 | D:1      | Learned a level 3 spell: Ozocubu's Armour
  1311 | D:2      | Noticed Sigmund
  1441 | D:2      | Found a faded altar of an unknown god.
  2090 | D:2      | Gained mutation: Your natural rate of healing is unusually
                  | fast. [Vine Stalker growth]
  2090 | D:2      | Reached XP level 4. HP: 21/21 MP: 9/9
  3105 | D:3      | Reached XP level 5. HP: 22/24 MP: 1/10
  3407 | D:3      | Noticed Ijyb
  3417 | D:3      | Killed Ijyb
  4038 | D:4      | Noticed Robin
  4080 | D:4      | Noticed Edmund
  4381 | D:3      | Slain by a gnoll

Illustrated notes

Levels and vault maps discovered:
D:1:      onia_arrival_pyramid, layout_loops_corners, minmay_tiny_reverse_x
D:2:      layout_basic, chequers_ecumenical_altar_simple, uniq_sigmund
D:3:      layout_loops_ring, serial_undead, serial_undead_d, serial_undead_c,
          serial_undead_f, serial_undead_f, uniq_ijyb
D:4:      layout_cave_pools, ebering_ghost_sewer_f, minmay_misc_feat_doors,
          nicolae_shop_sticking_my_neck_out, uniq_pikel, uniq_edmund, uniq_robin

Skill      XL: |  1  2  3  4  5 |
---------------+----------------+-----
Stealth        | 3 4 |  4.3
Dodging        | 2 |  2.8
Spellcasting   | 3 |  3.4
Ice Magic      | |  4.8

Action                   |  1- 3 |  4- 6 || total
-------------------------+-------+-------++-------
Melee: Dagger            |    50 |    74 ||   124
       Bite              |     8 |    22 ||    30
       Punch             |     2 |     1 ||     3
 Cast: Freeze            |    29 |    34 ||    63
       Frozen Ramparts   |       |     1 ||     1
Evoke: Wand              |       |     2 ||     2
  Use: Potion            |     1 |       ||     1
       Scroll            |       |     6 ||     6
 Stab: Sleeping          |     4 |     2 ||     6
       Distracted        |       |     1 ||     1
       Paralysed         |       |     1 ||     1
Armor: Robe              |    19 |    10 ||    29
Dodge: Dodged            |    57 |    89 ||   146

Table legend: (Time is in decaauts)
 A = Elapsed time spent in this place.
 B = Non-inter-level travel time spent in this place.
 C = Inter-level travel time spent in this place.
 D = Time resting spent in this place.
 E = Time spent auto-exploring this place.
 F = Levels seen in this place.
 G = Mean time per level.
                   A        B        C        D        E       F      G
               +--------+--------+--------+--------+--------+-----+--------+
         Total |   4385 |   4231 |    154 |   1921 |   1440 |   4 | 1096.2 |
       Dungeon |   4385 |   4231 |    154 |   1921 |   1440 |   4 | 1096.2 |
               +--------+--------+--------+--------+--------+-----+--------+

Top non-repeatable levels by time:
     D:1: 1925 daAuts
     D:2: 1330 daAuts
     D:3: 1066 daAuts
     D:4: 64 daAuts
